 Dungeon Crawl Stone Soup version 0.29.0-7-g18a832c13a (webtiles) character file.

Game seed: 8914051295841584210

168 SensoryNuts the Slasher (level 5, 0/46 HPs)
             Began as a Minotaur Fighter on Aug 31, 2022.
             Slain by Duvessa
             ... wielding a +0 short sword
              (6 damage)
             ... on level 4 of the Dungeon.
             The game lasted 00:03:38 (2623 turns).

SensoryNuts the Slasher (Minotaur Fighter)          Turns: 2623, Time: 00:03:38

Health: 0/46       AC:  7    Str: 20    XL:     5   Next: 24%
Magic:  4/4        EV:  9    Int:  5    God:
Gold:   782        SH:  5    Dex: 12    Spells: 4/4 levels left

rFire   + . .      SeeInvis .   a - +1 long sword
rCold   + . .      Faith    .   c - +0 buckler
rNeg    . . .      Spirit   .   b - +0 scale mail
rPois   +          Reflect  .   (helmet restricted)
rElec   +          Harm     .   (no cloak)
rCorr   +          Rampage  .   (no gloves)
Will    .....                   (no boots)
Stlth   ..........              (no amulet)
HPRegen 0.15/turn               (no ring)
MPRegen 0.09/turn               (no ring)

@: resistant, attractive
A: horns 2, retaliatory headbutt
a: no special abilities


You were on level 4 of the Dungeon.
You visited 1 branch of the dungeon, and saw 4 of its levels.

You collected 782 gold pieces.

Inventory:

Hand Weapons
 a - a +1 long sword (weapon)
Armour
 b - a +0 scale mail (worn)
 c - a +0 buckler (worn)
Jewellery
 i - an amulet of guardian spirit
Wands
 d - a wand of charming (6)
 o - a wand of flame (13)
Scrolls
 e - 4 scrolls of fear
 h - 2 scrolls of magic mapping
 n - a scroll of teleportation
Potions
 f - 3 potions of degeneration
 g - a potion of mutation
 j - a potion of flight
 k - a potion of attraction
 m - a potion of curing


   Skills:
 + Level 4.2 Fighting
 * Level 5.2 Long Blades
 + Level 4.3 Armour
 + Level 0.3 Dodging
 + Level 0.2 Stealth
 + Level 4.2 Shields


You had 4 spell levels left.
You didn't know any spells.
Your spell library contained the following spells:

 Spells                   Type           Power      Damage    Failure   Level
 Slow                     Hex            0%         N/A       88%         1
 Confusing Touch          Hex            0%         N/A       99%         3
 Vampiric Draining        Necr           0%         2d6       99%         3


Dungeon Overview and Level Annotations

Branches:
Dungeon (4/15)
 Temple: D:4-7

Altars:

Annotations:
D:3 2 transporters, freelancePsychic's ghost, weakling MeHW
D:4 Dowan; Duvessa; Menkaure


Innate Abilities, Weirdness & Mutations

You have a pair of horns on your head.
You reflexively headbutt those who attack you in melee.


Message History

Dowan gestures wildly while chanting.
Dowan blinks!
Menkaure moves out of view.
You barely miss Duvessa. Duvessa hits you with a +0 short sword!
You closely miss Duvessa. Your headbutt misses Duvessa.
Duvessa closely misses you.
You closely miss Duvessa. Duvessa hits you with a +0 short sword.
Duvessa barely misses you.
It was a potion of attraction.
You feel attractive to monsters. Duvessa hits you with a +0 short sword.
You hit Duvessa but do no damage. Duvessa hits you with a +0 short sword.
Menkaure mumbles some strange words.
Menkaure seems to speed up.
You slash Duvessa!
Duvessa is moderately wounded.
Duvessa says, "When magic and the sword combine, nothing stands against them."
Duvessa hits you with a +0 short sword.
It was a potion of curing.
You feel better. Duvessa barely misses you. You furiously retaliate!
You headbutt Duvessa, but do no damage. You hit Duvessa.
Duvessa is moderately wounded.
Duvessa closely misses you.
You hit Duvessa but do no damage.
Duvessa is moderately wounded.
Duvessa hits you with a +0 short sword.
Menkaure calls on the powers of darkness!
The kobold convulses!
Duvessa convulses!
Your body is wracked with pain!
* * * LOW HITPOINT WARNING * * *
Duvessa hits you with a +0 short sword.
* * * LOW HITPOINT WARNING * * *
It was a potion of resistance.
You feel protected. You block Duvessa's attack.
It was a potion of magic.
Magic courses through your body. Duvessa hits you with a +0 short sword.
* * * LOW HITPOINT WARNING * * *
You hit Duvessa.
Duvessa is severely wounded.
Duvessa hits you with a +0 short sword.
You die...

...# #...#..# .....
##.########.#.##.#......
#..........#.##.#......
##)......###..#.#......
#...#####...............
..### ######..........
.. ##..#..... . ##.#
.... . #@# .. #e#


MKe ..... ....... .......#. ........### #..<.....# You could see Duvessa,
Menkaure (fast), Dowan and a kobold.

Vanquished Creatures
  Jessica (D:3)
  Ijyb (D:4)
  2 adders
  A white imp (D:4)
  A worm (D:2)
  A dart slug (D:3)
  5 orcs
  7 endoplasms
  5 giant cockroaches
  4 goblins
  3 hobgoblins
  11 jackals
  8 kobolds
  4 quokkas
  11 ball pythons
  5 bats
  3 rats
73 creatures vanquished.

Vanquished Creatures (others)
  6 plants (D:3)
6 creatures vanquished.

Grand Total: 79 creatures vanquished

Notes
Turn   | Place    | Note
-------+----------+-------------------------------------------
     0 | D:1      | SensoryNuts the Minotaur Fighter began the quest for the
                  | Orb.
     0 | D:1      | Reached XP level 1. HP: 19/19 MP: 0/0
   323 | D:1      | Reached XP level 2. HP: 25/26 MP: 1/1
   391 | D:1      | Reached skill level 3 in Long Blades
   630 | D:1      | Reached XP level 3. HP: 30/33 MP: 2/2
   723 | D:1      | Found a faded altar of an unknown god.
   813 | D:1      | Identified a scroll of acquirement
   813 | D:1      | Acquired 603 gold pieces
  1176 | D:2      | Reached skill level 4 in Long Blades
  1274 | D:2      | Reached XP level 4. HP: 32/40 MP: 3/3
  1516 | D:3      | Noticed freelancePsychic's ghost (weakling MeHW)
  1537 | D:3      | Found a transporter.
  1543 | D:3      | Found a transporter.
  1562 | D:3      | Identified the +5 spear "Ocsituw" {elec, Stlth+}
  1767 | D:3      | Noticed Jessica
  1771 | D:3      | Killed Jessica
  2375 | D:3      | Reached skill level 5 in Long Blades
  2492 | D:4      | Reached XP level 5. HP: 40/46 MP: 4/4
  2534 | D:4      | Noticed Ijyb
  2549 | D:4      | Killed Ijyb
  2607 | D:4      | Noticed Duvessa
  2607 | D:4      | Noticed Dowan
  2611 | D:4      | Noticed Menkaure
  2623 | D:4      | Slain by Duvessa

Illustrated notes

Levels and vault maps discovered:
D:1:      dpeg_arrival_fog, layout_basic,
          hellmonk_ecumenical_altar_inner_sanctum
D:2:      layout_rooms
D:3:      layout_rooms, gammafunk_ghost_gnarly_gnolls, uniq_jessica
D:4:      layout_rooms, temple_fountains, chequers_serial_rivers_room_a,
          uniq_ijyb, uniq_duvessa, uniq_menkaure

Skill      XL: |  1  2  3  4 |
---------------+-------------+-----
Long Blades    | 3 4 5 |  5.2
Armour         | 4 |  4.3
Fighting       | 4 |  4.2
Shields        | 4 |  4.2
Dodging        | |  0.3
Stealth        | |  0.2

Action                   |  1- 3 |  4- 6 || total
-------------------------+-------+-------++-------
Melee: Long sword        |   112 |    66 ||   178
       Headbutt          |    15 |     9 ||    24
  Use: Scroll            |     5 |     6 ||    11
       Potion            |       |     5 ||     5
Armor: Scale mail        |    56 |    34 ||    90
Dodge: Dodged            |    69 |    29 ||    98
Block: Buckler           |    27 |    24 ||    51
